 Dungeon Crawl Stone Soup version 0.18.1-48-g4cf74bf (webtiles) character file.

94 Puuhinen the Sneak (level 4, -4/27 HPs)
             Began as an Octopode Wizard on July 19, 2016.
             Slain by an orc
             ... wielding a +0 mace
              (6 damage)
             ... on level 3 of the Dungeon.
             The game lasted 00:15:14 (2880 turns).

Puuhinen the Sneak (Octopode Wizard)                Turns: 2880, Time: 00:15:15

Health: -4/27      AC:  1    Str:  6    XL:     4   Next: 63%
Magic:  2/9        EV: 12    Int: 21    God:
Gold:   107        SH:  0    Dex: 10    Spells: 2 memorised, 6 levels left

rFire  . . .     SeeInvis .     (no weapon)
rCold  . . .     Gourm    .     (no shield)
rNeg   . . .     Faith    .     a - +0 hat
rPois  .         Spirit   .     (no amulet)
rElec  .         Dismiss  .     (no ring)
rCorr  .         Reflect  .     (no ring)
SustAt .         Harm     .     (no ring)
MR     .....                    (no ring)
Stlth  ++++......               (no ring)
                                (no ring)
                                (no ring)
                                (no ring)

@: about to teleport, not resistant to hostile enchantments, stealthy
A: almost no armour, amphibious, 8 rings, constrict 8, camouflage 1, gelatinous
body 1
a: no special abilities


You were on level 3 of the Dungeon.
You were not hungry.

You visited 1 branch of the dungeon, and saw 3 of its levels.

You collected 107 gold pieces.

Inventory:

Hand Weapons
 l - a +0 dagger
Armour
 a - a +0 hat (worn)
Scrolls
 e - a scroll of identify
 h - 3 scrolls of remove curse
 n - a scroll of fog {unknown}
Potions
 d - 2 potions of flight {unknown}
 f - 2 potions of curing
 k - 2 potions of might
 m - 3 potions of berserk rage {unknown}
Books
 b - a book of Minor Magic

   Spells                             Type                      Level
   a - Magic Dart                     Conjuration                  1
   b - Blink                          Translocation                2
   c - Call Imp                       Summoning                    2
   d - Repel Missiles                 Charms/Air                   2
   e - Slow                           Hexes                        2
   f - Conjure Flame                  Conjuration/Fire             3
   g - Mephitic Cloud                 Conjuration/Poison/Air       3
Comestibles
 c - 5 bread rations
 i - 2 beef jerkies


   Skills:
 + Level 0.2 Fighting
 + Level 2.7 Dodging
 * Level 3.9 Stealth
 - Level 3.3 Spellcasting
 + Level 2.3 Conjurations
   Level 1.0 Summonings
 * Level 1.5 Translocations


You had 6 spell levels left.
You knew the following spells:

 Your Spells              Type           Power        Failure   Level  Hunger
a - Magic Dart            Conj           ##..         6%          1    None
b - Blink                 Tloc           N/A          12%         2    ##.....


Dungeon Overview and Level Annotations

Branches:
Dungeon (3/15)

Altars:
Elyvilon
Nemelex Xobeh


Innate Abilities, Weirdness & Mutations

You cannot wear most types of armour.
You are amphibious.
You can wear up to eight rings at the same time.
You can use your tentacles to constrict eight enemies at once.
Your skin changes colour to match your surroundings (Stealth).
Your rubbery body absorbs attacks (AC +1).


Message History

Press: ? - help, Shift-Dir - straight line, f/p - orc wizard
Aim: an orc wizard, wielding a falchion and wearing a robe (heavily wounded, constricted by you, fast)
The magic dart hits the orc wizard.
The orc wizard is heavily wounded.
You constrict the orc. You constrict the orc wizard.
The orc closely misses you.
The orc wizard hits you with a falchion.
* * * LOW HITPOINT WARNING * * *
Drink which item? (? for menu, Esc to quit)
You feel better.
You constrict the orc. You constrict the orc wizard.
The orc wizard hits you with a falchion!
* * * LOW HITPOINT WARNING * * *
The orc hits you with a mace.
* * * LOW HITPOINT WARNING * * *
Read which item? (? for menu, Esc to quit)
As you read the scroll labeled GOTYTS SEFIS, it crumbles to dust.
You feel strangely unstable.
It was a scroll of teleportation.
You constrict the orc. You constrict the orc wizard.
The orc wizard barely misses you. The orc hits you with a mace.
You die...

)# #.## #....#.# .. .. #..#
#...>#.# .# ....####.#
#......# .#
.........######## ###.####
.....##.........# #.#####
### #....#####.# #o)...#
##.#.......# #####.#
#..#..#....# #####o#
.....##.##.@#.#..#####.##o..
....._#.##oo#........o..#..#
.....#####.......###..o.....
8...8## ##.###..##.......(#
##8## #...o..###........ ##
#####.## #.....### #.#
#.....# #.# #.....# #.#
#.....#


You could see an orc wizard and an orc.

Vanquished Creatures
  3 adders
  An ooze (D:1)
  A worm (D:2)
  A dart slug (D:2)
  2 giant geckos
  2 orcs
  6 bats (D:1)
  3 giant cockroaches
  8 goblins
  6 hobgoblins
  4 jackals (D:1)
  A ball python (D:2)
  2 giant newts
  5 kobolds
  9 rats
54 creatures vanquished.

Notes
Turn   | Place    | Note
--------------------------------------------------------------
     0 | D:1      | Puuhinen the Octopode Wizard began the quest for the Orb.
     0 | D:1      | Reached XP level 1. HP: 11/11 MP: 4/4
   299 | D:1      | Reached XP level 2. HP: 17/17 MP: 4/6
   772 | D:1      | Reached XP level 3. HP: 21/21 MP: 4/7
   839 | D:1      | Learned a level 2 spell: Blink
  1792 | D:2      | Reached XP level 4. HP: 27/27 MP: 5/9
  2699 | D:3      | Found a sparkling altar of Nemelex Xobeh.
  2705 | D:3      | Found a white marble altar of Elyvilon.
  2880 | D:3      | Slain by an orc

Skill      XL: |  1  2  3 |
---------------+----------+-----
Stealth        | 3 |  3.9
Conjurations   | 2 |  2.3
Fighting       | |  0.2
Dodging        | |  2.7
Spellcasting   | |  3.3
Summonings     | |  1.0
Translocations | |  1.5

Action                   |  1- 3 |  4- 6 || total
-------------------------+-------+-------++-------
Melee: Unarmed           |    31 |    19 ||    50
       Constrict         |     9 |     7 ||    16
       Tentacles         |     1 |     1 ||     2
 Cast: Magic Dart        |    89 |    47 ||   136
       Blink             |       |     1 ||     1
  Use: Scroll            |     3 |     1 ||     4
       Potion            |       |     1 ||     1
  Eat: Chunk             |     3 |     3 ||     6
Armor: Skin              |     6 |       ||     6
Dodge: Dodged            |    25 |    21 ||    46
